Cogmind - Beta 13 @@@ ROGUE MODE // 2024.03.31 @ 03:46:31 Player: Auto Result: Destroyed by as-12218 with Assembled Maul Performance ------------- Evolutions (0) 0 Regions Visited (2) 400 Robots Destroyed (9) 45 Value Destroyed (236) 236 Prototype IDs (0) 0 Alien Tech Used (0) 0 Bonus (25) 25 TOTAL SCORE: 706 Bonus ------- Follower Combat Kills 25 Cogmind --------- Core Integrity 0/250 Matter 268/300 Energy 250/250 System Corruption 1% Temperature Cool (80) Movement Treading (160) Location -10/Mines Parts ------- > --- POWER (1) -------- Ion Engine > --- PROPULSION (2) --- Light Treads Light Treads > --- UTILITY (2) ------ Small Storage Unit Hacking Suite > --- WEAPON (2) ------- Beam Cannon > --- INVENTORY (8) ---- Ion Engine Light Ion Engine Aluminum Leg Aluminum Leg Aluminum Leg Improved Heat Sink Small Laser Assault Rifle Peak State ------------ > --- POWER ------------ Ion Engine > --- PROPULSION ------- Light Treads Light Treads > --- UTILITY ---------- Improved Heat Sink Small Storage Unit > --- WEAPON ----------- Small Laser Assault Rifle > --- INVENTORY -------- Ion Engine Light Ion Engine Aluminum Leg Aluminum Leg Aluminum Leg Compact Wheel Hacking Suite Grenade Launcher [Rating: 10] Favorites ----------- Power Ion Engine Engine Ion Engine Propulsion Light Treads Treads Light Treads Leg Aluminum Leg Utility Small Storage Unit Device Improved Heat Sink Storage Small Storage Unit Hackware Hacking Suite Weapon Assault Rifle Energy Gun EM Pulse Gun Energy Cannon Beam Cannon Ballistic Gun Assault Rifle Launcher Grenade Launcher Build | -11 -10 -10 ------- Run | Yrd Mat Min Slots Evolved . | . . . Power . | . . . Propulsion . | . . . Utility . | . . . Weapon . | . . . Parts Attached 14 | 6 7 1 Power 2 | 1 1 . Engine 2 | 1 1 . Core . | . . . Reactor . | . . . Propulsion 4 | 2 2 . Treads 2 | . 2 . Leg 2 | 2 . . Wheel . | . . . Hover . | . . . Flight . | . . . Utility 3 | 1 2 . Device 1 | . 1 . Storage 1 | 1 . . Processor . | . . . Hackware 1 | . 1 . Protection . | . . . Artifact . | . . . Weapon 5 | 2 2 1 Energy Gun 2 | 1 1 . Energy Cannon 1 | . 1 . Ballistic Gun 1 | 1 . . Ballistic Cannon . | . . . Launcher 1 | . . 1 Special Weapon . | . . . Impact Weapon . | . . . Slashing Weapon . | . . . Piercing Weapon . | . . . Special Melee Weapon . | . . . Unidentified Prototypes . | . . . Parts Lost 2 | . 1 1 Power . | . . . Propulsion . | . . . Utility . | . . . Weapon 2 | . 1 1 Highest Loss Streak 1 | . 1 1 To Critical Strikes . | . . . Average Slot Usage (%) 93 | . 89 100 Engine 14 | . 14 14 Treads 15 | . 8 28 Leg 12 | . 19 . Device 1 | . 2 . Storage 14 | . 14 14 Hackware 6 | . 1 14 Energy Gun 8 | . 13 . Energy Cannon 5 | . . 14 Ballistic Gun 13 | . 14 13 Naked Turns . | . . . Heaviest Build 16 | 14 15 16 Greatest Support 40 | 20 40 40 Greatest Overweight (x) 1 | 1 . . Average Overweight (x) . | . . . Largest Inventory Capacity 8 | 8 8 8 Average Capacity 7 | 7 8 8 Most Carried 8 | 6 8 8 Average Carried 7 | 3 7 8 Final Capacity 8 | 8 8 8 Final Carried 8 | 6 8 8 Class Distribution -------------------- 100% | Mutant Dominant Class ---------------- Mutant | -10/Materials Mutant | -10/Mines Resources | -11 -10 -10 ----------- Run | Yrd Mat Min Matter Collected 448 | 260 181 7 Remotely . | . . . Salvage Created 258 | . 258 . Parts 20 | . 20 . Haulers Intercepted . | . . . Recyclers Shooed . | . . . Parts Field Recycled . | . . . Retrieved Matter . | . . . Parts Self-Destructed . | . . . Prevented . | . . . Kills | -11 -10 -10 ------- Run | Yrd Mat Min Combat Hostiles Destroyed 7 | . 5 2 Guns 5 | . 5 . AOE 2 | . . 2 Classes Destroyed 5 | . 4 1 Operator 1 | . 1 . Watcher 3 | . 3 . Swarmer 1 | . 1 . Grunt 4 | . 4 . Assembled 2 | . . 2 Best Kill Streak 3 | . 3 2 Combat Bots Only 2 | . 1 2 Max Kills in Single Turn 2 | . 1 2 Gunslinging . | . . . Exploded 2 | . . 2 Melee . | . . . Uniques/NPCs Destroyed . | . . . Combat | -11 -10 -10 -------- Run | Yrd Mat Min Hostile Shots Fired 64 | . 51 13 Missed 14 | . 10 4 Damage Taken 816 | . 488 328 Core 262 | . 172 90 Absorbed by Shields . | . . . Core Remaining (%) 100 | 100 . . Volleys Fired 42 | . 40 2 Largest 2 | . 2 2 Hottest 90 | . 60 90 Shots Fired 84 | . 80 4 Gun 80 | . 80 . Cannon 2 | . . 2 Launcher 2 | . . 2 Special . | . . . Kinetic 40 | . 40 . Thermal 22 | . 20 2 Explosive 2 | . . 2 Electromagnetic 20 | . 20 . Robot Hit Streak 17 | . 17 3 Robot Miss Streak 2 | . 2 1 Penetration Max . | . . . Secondary Targets . | . . . Shots Hit Robots 58 | . 55 3 Core Hits 22 | . 17 5 Critical Kills . | . . . Critical Parts Destroyed . | . . . Critical Strikes . | . . . Melee Attacks . | . . . Impact . | . . . Slashing . | . . . Piercing . | . . . Sneak Attacks . | . . . Combat Hostiles . | . . . Follow-up Attacks . | . . . Damage Inflicted 958 | . 708 250 Guns 705 | . 705 . Cannons 17 | . . 17 Explosions 233 | . . 233 Melee . | . . . Ramming 3 | . 3 . Kinetic 397 | . 397 . Thermal 168 | . 151 17 Explosive 233 | . . 233 Electromagnetic 157 | . 157 . Impact . | . . . Slashing . | . . . Piercing . | . . . Highest Corruption 1 | . 1 1 Average Corruption 1 | . 1 1 Corruption Purged . | . . . Corruption Blocked . | . . . Effects 12 | . 10 2 Message Errors 3 | . 3 . Matter Fused 1 | . 1 . Heat Flow Errors 2 | . 1 1 Energy Discharges 1 | . 1 . Data Loss (minor) 1 | . 1 . Data Loss (major) 1 | . . 1 Misfires 1 | . 1 . Alerts 1 | . 1 . Weapon Failures 1 | . 1 . Overload Shots . | . . . Overflow Damage 14 | . . 14 Projectiles . | . . . Explosions 14 | . . 14 Melee . | . . . Knockbacks . | . . . Impact . | . . . Kinetic . | . . . Secondary . | . . . Self-Inflicted Damage 74 | . . 74 Shots 2 | . . 2 Rammed . | . . . Targets Rammed 2 | . 2 . Kicked 2 | . 2 . Crushed . | . . . Highest Temperature 125 | . 97 125 Average Temperature 43 | . 40 56 Received Heat Transfer 233 | . 213 20 Siege Activations . | . . . Robots Corrupted . | . . . Combat Hostiles . | . . . Parts Fried 1 | . 1 . Impact Corruptions . | . . . Robots Melted . | . . . Combat Hostiles . | . . . Parts Melted 1 | . 1 . Heat Transferred 387 | . 350 37 Parts Sabotaged . | . . . Parts Stolen . | . . . Parts Stripped . | . . . Power Chain Reactions . | . . . Alert | -11 -10 -10 ------- Run | Yrd Mat Min Peak Influence 99 | . 99 38 Initial 38 | . . 38 Average 43 | . 54 33 Maximum Alert Level . | . . . Low Security (%) 100 | 100 100 100 Level 1 . | . . . Level 2 . | . . . Level 3 . | . . . Level 4 . | . . . Level 5 . | . . . High Security . | . . . Max Security . | . . . Squads Dispatched 1 | . 1 . Investigation 1 | . 1 . Extermination . | . . . Reinforcement . | . . . Assault . | . . . Garrison . | . . . Intercept . | . . . Searches Triggered . | . . . Construction Impeded . | . . . Haulers Reinforced . | . . . Active Scanning Responses . | . . . Cargo Convoy Interrupts . | . . . Stealth | -11 -10 -10 --------- Run | Yrd Mat Min Distress Signals 2 | . 2 . Communications Jammed . | . . . Distress Signals . | . . . Times Spotted 24 | . 15 9 Peak Tracking Total 7 | . 5 7 Tactical Retreats 1 | . 1 . Traps | -11 -10 -10 ------- Run | Yrd Mat Min Traps Triggered 1 | . 1 . Indirectly . | . . . Trap Hack Attempts . | . . . Triggered . | . . . Disarmed . | . . . Reprogrammed . | . . . Reused . | . . . Traps Extracted . | . . . Installed . | . . . Triggered . | . . . Machines | -11 -10 -10 ---------- Run | Yrd Mat Min Machines Disabled . | . . . Max in Single Turn . | . . . Machines Repaired . | . . . Machines Dismantled . | . . . Machines Sabotaged . | . . . Overloaded Fab Kills . | . . . Hacking | -11 -10 -10 --------- Run | Yrd Mat Min Machines Accessed 5 | . 5 . Terminals 5 | . 5 . Fabricators . | . . . Repair Stations . | . . . Recycling Units . | . . . Scanalyzers . | . . . Garrison Access . | . . . Total Hacks 14 | . 14 . Successful 8 | . 8 . Failed 6 | . 6 . Catastrophic . | . . . Database Lockouts . | . . . Manual 13 | . 13 . Terminals 14 | . 14 . Fabricators . | . . . Repair Stations . | . . . Recycling Units . | . . . Scanalyzers . | . . . Garrison Access . | . . . Terminal Hacks 2 | . 2 . Terminal Index 1 | . 1 . Zone Layout 1 | . 1 . Fabricator Hacks . | . . . Repair Station Hacks . | . . . Recycling Unit Hacks . | . . . Scanalyzer . | . . . Garrison Access Hacks . | . . . Unauthorized Hacks 6 | . 6 . Terminals 6 | . 6 . Botnet 5 | . 5 . Operators 1 | . 1 . Fabricators . | . . . Repair Stations . | . . . Recycling Units . | . . . Scanalyzers . | . . . Garrison Access . | . . . Data Cores Recovered . | . . . Used . | . . . Hacking Detections 4 | . 4 . Full Trace Events 2 | . 2 . Feedback Events 1 | . 1 . Corruption 1 | . 1 . Feedback Blocked . | . . . Robot Schematics Acquired . | . . . Robots Built . | . . . Authchips . | . . . Time . | . . . Total Robot Build Rating . | . . . Part Schematics Acquired . | . . . Parts Built . | . . . Authchips . | . . . Time . | . . . Total Part Build Rating . | . . . Parts Repaired . | . . . Time . | . . . Parts Recycled . | . . . Recycled Matter . | . . . Retrieved Matter . | . . . Retrieved Components . | . . . Parts Scanalyzed . | . . . Part Schematics Acquired . | . . . Parts Damaged . | . . . Bothacking | -11 -10 -10 ------------ Run | Yrd Mat Min Used RIF Installer . | . . . Robots Hacked . | . . . Non-combat . | . . . Combat . | . . . Robot Hacks Applied . | . . . Relay Couplers Released . | . . . Fabnet Peak Effective % . | . . . Robots Rewired 1 | . 1 . Allies Hacked . | . . . Hacks Repelled . | . . . Allies | -11 -10 -10 -------- Run | Yrd Mat Min Total Allies 1 | . 1 . Largest Group 1 | . 1 . Highest-Rated Group 8 | . 8 . Highest-Rated Ally 8 | . 8 . Total Orders . | . . . Ally Attacks 9 | . 9 . Total Damage 96 | . 96 . Kills 1 | . 1 . Allies Corrupted . | . . . Allies Melted . | . . . Intel | -11 -10 -10 ------- Run | Yrd Mat Min Robot Analysis Total . | . . . Derelict Logs Recovered 1 | . . 1 Drone Launches . | . . . Drone Recoveries . | . . . Exploration | -11 -10 -10 ------------- Run | Yrd Mat Min Turns Passed 1313 | 91 766 456 Spaces Moved 526 | 64 257 205 Core 6 | 6 . . Treads 296 | . 91 205 Legs 224 | 58 166 . Wheels . | . . . Hover . | . . . Flight . | . . . Fastest Speed 50 | 50 120 160 Average Speed 141 | 115 134 160 Slowest Speed 160 | 120 160 160 Overloaded Moves . | . . . Propulsion Burnouts . | . . . Robots Hopped . | . . . Cave-ins Triggered . | . . . Exploration Rate (%) 26 | 4 38 37 Regions Visited 2 Branch Regions 1 Pre-discovered Areas . | . . . Known Exits Taken . | . . . Unknown Exits Taken 2 | 1 1 . Scrap Searched . | . . . Spaces Dug . | . . . Terrain Destroyed 20 | . . 20 Melee . | . . . Projectile . | . . . AOE 20 | . . 20 Terrain Rammed . | . . . Walls Destroyed . | . . . Machines Disabled . | . . . Actions | -11 -10 -10 --------- Run | Yrd Mat Min Total 1010 | 81 601 328 Wait 397 | . 277 120 Move 524 | 63 256 205 Hop . | . . . Pick Up 21 | 12 9 . Fast Attach . | . . . Attach 8 | 6 2 . Detach . | . . . Swap 6 | . 5 1 Drop 5 | . 5 . Fire 42 | . 40 2 Melee . | . . . Ram . | . . . Kick 2 | . 2 . Crush . | . . . Escape Stasis . | . . . Rewire 5 | . 5 . Trap . | . . . Miscellaneous . | . . . Route ------- -11/Scrapyard -10/Materials (discovered 2 exits: [*Min x2]) -10/Mines (discovered 2 exits: [*Mat x2]) History --------- Turn | Location | Event 24 | -11/Scrapyard | Discovered new exit (range 16) 92 | -11/Scrapyard | Entered Materials 302 | -10/Materials | Build established: Mutant 450 | -10/Materials | Discovered new exit (range 20) 589 | -10/Materials | Core integrity fell below 50% 812 | -10/Materials | Discovered new exit (range 8) 858 | -10/Materials | Entered Mines 882 | -10/Mines | Discovered new exit (range 7) 927 | -10/Mines | Learned 4 Materials zone layouts 962 | -10/Mines | Discovered new exit (range 13) 1292 | -10/Mines | Assembled infested the area 1293 | -10/Mines | YI-UF0 nonchalantly dropped a Grenade Launcher on the ground 1297 | -10/Mines | Assisted by a Guerilla fighting off Assembled 1309 | -10/Mines | Core integrity fell below 20% 1314 | -10/Mines | Destroyed by as-12218 with Assembled Maul Last Messages --------------- 01253_ System corrupted: Heat flow error (+143). 01289_ System corrupted: Substantial component data lost. 01292_ ALERT: Infestation in the mines, dispatching Demolisher response squad. 01293_ YI-UF0 nonchalantly drops a Grenade Launcher on the ground. 01297_ A derelict emerges from the shadows: "You need to get out of here! I've been tracking a group of Assembled to figure out where they're coming from, and they're closing on this area, come on!" 01303_ YI-UF0: "BLAM!" 01303_ as-47842 destroyed. 01303_ as-52739 destroyed. 01303_ YI-UF0: "BOOSH!" 01303_ T-07 Excavator destroyed. 01303_ Acquired 7 matter. 01304_ YI-UF0: "Whaaaaaaaa!" 01305_ YI-UF0 mumbles something. 01311_ as-30367 destroyed. 01311_ as-53332 destroyed. 01311_ Grenade Launcher destroyed. 01311_ Destroyed Grenade Launcher. Map ----- +----------------------------------------------------+ | ?????????????# #??# #??????????# ! ! ##??????? | | ???????????### #??# #??????????# ##= [##???????? | | ??????????## #### #??????????# ### ##????????? | | ??????????# #??????????# #?####?????????? | | ??????????# ######??????????# #??????????????? | | ??????????# #???????####???# #??????????????? | | ??????????# """ #??????## ##??# #??????????????? | | ??????????# """ ######## #??# #??????????????? | | ??????????# """ #### #??????????????? | | ??????????## ###???## #??????????????? | | ???????????### ##?????# #### #??????????????? | | ?????????????# ##?????## ##??# #??????????????? | | ?????????????# #?????## ##???# #??????????????? | | ?????????????? ??????# ##????# #??????????????? | | ?????????????????????# ##????# #??????????????? | | ?????????????????????# #????# #??????????????? | | ?????????????????????## #???## #??????????????? | | ??????????????????????## ##?? # #??????????????? | | ???????????????????????# ##?? ? ???????????????? | | ???????????????????????# #??? #?#???????????????? | | ???????????????????????# #?? #?????????????????? | | ??????????????????????## #?# #?????????????????? | | ??????????# ????????# ## ##?????????????????? | | ???????????# ????# a #?????????????????? | | ???????????????# # #?????????????????? | | ????????????????# @a #?????????????????? | | ????????????????## ## ag#?????????????????? | | ??????????????????????# #?????????????????? | | ??????????????????????##### a #?????????????????? | | ???????????????????????????## ##?????????????????? | | ????????????????????????????? #??????????????????? | | ????????????????????????????? ??????????????????? | | ??????????????????????????????##?????????????????? | | ?????????????????????????????????????????????????? | | ?????????????????????????????????????????????????? | | ?????????????????????????????????????????????????? | | ?????????????????????????????????????????????????? | | ?????????????????????????????????????????????????? | | ?????????????????????????????????????????????????? | | | | | | | | | | | | | | | | | | | | | | | +----------------------------------------------------+ Best States ------------- Heat Dissipation 39 Energy Generation 10 Energy Capacity 250 Matter Stores 300 Matter Capacity 300 Sight Range 16 Terrain Scan Density 10 Evasion (%) 55 Recoil Reduction 2 Offensive Hacking 10 Item Schematics ----------------- None Robot Schematics ------------------ None Fabricated ------------ Nothing Alien Tech Used ----------------- None Achievements -------------- None Challenges ------------ None Game ------ Seed TargetingNetworkChainsword Manual? 0 Play Time 00:09:30 Cumulative 51.2 hours Start 2024.03.31 @ 03:38:58 End 2024.03.31 @ 03:46:31 Sessions 1 Manual Loads 0 Difficulty Rogue Special Mode None Game No. 27 Rogue 2 Adventurer 25 Explorer 0 Win Type - Total 0 Types 0/0/0/0/0/0/0/0/0 Lore% 14 Gallery% 30 Achievement% 28 Wizard Run 0 Options --------- Layout 0 ASCII 0 Keyboard 0 Movement Mouse Keybinds 0 Fullscreen 2 Font 18/SmallcapsGlow Map View 76x50 Zoom Use 0% Tactical HUD 1 Map Filters NONE Filters NONE Steam 1 RUN: f2a362d8-3103-49f3-8a45-6da668f7ea73